 Dungeon Crawl Stone Soup version 0.31-a0-859-g9dce7d3444 (webtiles) character file.

Game seed: 13314588413731647013

17676 Ekaitz the Arsonist (level 12, 0/64 HPs)
             Began as a Deep Elf Fire Elementalist on Oct 7, 2023.
             Was an Elder of Sif Muna.
             Slain by a human (5 damage)
             ... on level 13 of the Dungeon on Oct 10, 2023.
             The game lasted 00:41:29 (11776 turns).

Ekaitz the Arsonist (Deep Elf Fire Elementalist)   Turns: 11776, Time: 00:41:30

Health: 0/64       AC:  6    Str:  5    XL:     12   Next: 21%
Magic:  21/29      EV: 16    Int: 26    God:    Sif Muna [****..]
Gold:   795        SH:  0    Dex: 19    Spells: 15/33 levels left

rFire   + + .        f - +1 dagger (venom)
rCold   x x .        (no shield)
rNeg    . . .        X - +0 troll leather armour
rPois   .            R - +0 helmet
rElec   .            U - +0 cloak
rCorr   .            C - +2 pair of gloves
SInv    .            y - +1 pair of boots of Understanding {Rampage Regen+ Int+4 Stlth+}
Will    +....        (no amulet)
Stlth   ++++         V - ring of fire
HPRegen 1.90/turn    v - ring of fire
MPRegen 0.21/turn

%: rampage
@: corroded
A: no striking features
a: Renounce Religion, Channel Magic, Forget Spell, Divine Exegesis


You were on level 13 of the Dungeon.
You worshipped Sif Muna.
Sif Muna was greatly pleased with you.
You visited 2 branches of the dungeon, and saw 14 of its levels.

You collected 795 gold pieces.

Inventory:

Hand Weapons
 a - the +7 quarterstaff of Quick Resourcefulness {drain, +Blink Will+ Dex+3 Stlth+}
   (You took it off a gnoll on level 6 of the Dungeon)

   Dex+3:     It affects your dexterity (+3).
   Will+:     It increases your willpower.
   +Blink:    It lets you blink.
   Stlth+:    It makes you more stealthy.
 f - a +1 dagger of venom (weapon)
 o - a +1 sling of draining
 t - a +3 rapier of electrocution
 x - the +3 spear "Kixal" {speed, Str+3}
   (You found it on level 4 of the Dungeon)

   Str+3:     It affects your strength (+3).
 H - the +1 great mace "Vetys" {protect, rF+ Str+4}
   (You found it on level 12 of the Dungeon)

   Str+4:     It affects your strength (+4).
   rF+:       It protects you from fire.
 M - a +0 scimitar of flaming
 T - a +3 spear of venom
Missiles
 n - 2 atropa-tipped darts
 p - 17 poisoned darts
Armour
 y - the +1 pair of boots of Understanding (worn) {Rampage Regen+ Int+4 Stlth+}
   (You found it on level 4 of the Dungeon)

   Int+4:     It affects your intelligence (+4).
   Regen+:    It increases your rate of health regeneration.
   Rampage:   It bestows one free step when moving towards enemies.
   Stlth+:    It makes you more stealthy.
 C - a +2 pair of gloves (worn)
 G - an orb of energy
 R - a +0 helmet (worn)
 U - a +0 cloak (worn)
 X - a +0 troll leather armour (worn)
Magical Staves
 A - a staff of poison
 W - a staff of fire
 Y - a staff of poison
Jewellery
 c - a +6 ring of dexterity
 m - a ring of see invisible
 v - a ring of fire (right hand)
 B - a ring of resist corrosion
 V - a ring of fire (left hand)
Wands
 s - a wand of flame (4)
 D - a wand of paralysis (8)
 F - a wand of mindburst (17)
 I - a wand of acid (9)
 L - a wand of polymorph (17)
 O - a wand of iceblast (12)
 Q - a wand of digging (8)
Scrolls
 d - 3 scrolls of fear
 h - 4 scrolls of teleportation {unknown}
 l - 2 scrolls of fog {unknown}
 w - a scroll of acquirement
 z - a scroll of revelation
 E - a scroll of noise
 J - a scroll of poison
 K - a scroll of immolation
 P - a scroll of enchant weapon
 S - 2 scrolls of blinking {unknown}
 Z - 3 scrolls of enchant armour
Potions
 b - 3 potions of magic
 e - 2 potions of mutation
 g - 6 potions of curing {unknown}
 i - 2 potions of heal wounds
 j - 3 potions of attraction
 k - 3 potions of resistance
 q - 3 potions of brilliance
 r - a potion of enlightenment
 u - 2 potions of might
 N - a potion of invisibility {unknown}


   Skills:
 + Level 2.4 Fighting
 + Level 1.7 Short Blades
 * Level 8.1 Dodging
 + Level 5.2 Stealth
 + Level 11.0 Spellcasting
 * Level 6.9 Conjurations
 * Level 8.4 Hexes
 * Level 6.7 Necromancy
 * Level 5.9 Translocations
 * Level 11.3 Fire Magic
 * Level 6.1 Invocations
 + Level 0.7 Evocations


You had 15 spell levels left.
You knew the following spells:

 Your Spells              Type           Power      Damage    Failure   Level
a - Foxfire               Conj/Fire      100%       2x1d9     1%          1
b - Scorch                Fire           100%       2d9       1%          2
c - Volatile Blastmotes   Fire/Tloc      100%       2d18      1%          3
d - Flame Wave            Conj/Fire      96%        2d20      1%          4
e - Sigil of Binding      Hex            55%        N/A       1%          3
i - Inner Flame           Hex/Fire       99%        N/A       1%          3
u - Sublimation of Blood  Necr           49%        N/A       1%          2

Your spell library contained the following spells:

 Spells                   Type           Power      Damage    Failure   Level
 Slow                     Hex            100%       N/A       1%          1
 Lesser Beckoning         Tloc           90%        N/A       1%          2
 Confusing Touch          Hex            55%        N/A       1%          3
 Dazzling Flash           Conj/Hex       100%       N/A       1%          3
 Gell's Gravitas          Tloc           45%        N/A       1%          3
 Teleport Other           Tloc           45%        N/A       1%          3
 Vampiric Draining        Necr           49%        2d9       1%          3
 Wereblood                Tmut           14%        N/A       11%         2
 Agony                    Necr           49%        N/A       12%         5
 Silence                  Hex/Air        18%        N/A       34%         5
 Summon Hydra             Summ           7%         N/A       100%        7


Dungeon Overview and Level Annotations

Branches:
Dungeon (13/15)            Temple (1/1) D:5            Lair (0/5) D:11
    Orc (0/2) D:12         Vaults (0/5) D:13

Altars:
Ashenzari
Cheibriados
Dithmenos
Elyvilon
Fedhas
Gozag
Hepliaklqana
Kikubaaqudgha
Makhleb
Nemelex Xobeh
Okawaru
Qazlal
Ru
Sif Muna
Trog
Uskayaw
Vehumet
Wu Jian
Xom
Yredelemnul
Zin
The Shining One

Shops:
D:3 (   D:11 :   D:12 *

Annotations:
D:8 1 runed translucent door
D:13 Lodul, Urug


Message History

You kill the human!
Sif Muna accepts your kill.
The flame wave engulfs the human.
The human is lightly wounded.
The flame wave engulfs the human!
The human is almost dead.
The flame wave engulfs the human!!
The human is severely wounded.
The flame wave engulfs the human!!
The human is severely wounded.
The flame wave engulfs the human!!!
You kill the human!
Sif Muna accepts your kill.
The flame wave engulfs the human!
The human is heavily wounded.
The flame wave engulfs the human!!
The human is almost dead.
The flame wave engulfs Lodul!!
Lodul is moderately wounded.
The flame wave engulfs the human!!
You kill the human!
Sif Muna accepts your kill.
The flame wave engulfs the human!!
The human is severely wounded.
The flame wave engulfs the human!
The human is heavily wounded.
The flame wave engulfs Urug but does no damage.
The centaur warrior shoots an arrow.
The arrow hits you!
The centaur warrior shoots an arrow.
The arrow hits you.
* * * LOW HITPOINT WARNING * * *
The human closely misses you.
Urug hits you from afar with a +3 halberd of protection!
* * * LOW HITPOINT WARNING * * *
The human closely misses you. The human hits you but does no damage.
The human barely misses you.
The ogre mage mumbles some strange words.
The ogre mage flickers and vanishes!
Deactivating autopickup; reactivate with Ctrl-A.
The human hits you.
You die...

#.###...#####
#...........
#..........#
#..........#
#....c.$u..#
#..........#
##...†ppppO.###
#....pp@pD....#
...D{.ppp./.#.#
#....pppo^..#
#...........#
#...T.........
#....$.........
.............##
#.#####.######


You could see a seven-headed hydra, Lodul, Urug, a brown ugly thing, a centaur
warrior, a troll, 13 humans and an acid dragon.

Vanquished Creatures
  A catoblepas (D:12)
  Erolcha (D:12)
  5 two-headed ogres
  2 boulder beetles
  A deep elf pyromancer (D:12)
  2 manticores
  A gargoyle (D:12)
  Maggie (D:7)
  Joseph (D:7)
  2 unseen horrors
  5 trolls
  Prince Ribbit (D:6)
  5 slime creatures (D:12)
  A vampire (D:11)
  A shadow (D:11)
  2 wraiths
  A wyvern (D:9)
  3 humans (D:13)
  13 yaks
  3 steam dragons
  Menkaure (D:7)
  4 acid dragons
  A water moccasin (D:7)
  13 orc warriors
  A sky beast (D:8)
  An ice beast (D:8)
  9 centaurs
  An ogre (D:11)
  A kobold brigand (D:8)
  2 bullfrogs
  A gnoll sergeant (D:9)
  9 wights
  A scorpion (D:4)
  5 howler monkeys
  A gnoll bouda (D:6)
  2 hounds (D:5)
  5 orc priests
  2 iguanas
  12 orc wizards
  12 gnolls
  8 adders
  4 river rats (D:6)
  A shadow imp (D:7)
  A white imp (D:7)
  3 worms (D:2)
  2 dart slugs
  48 orcs
  An endoplasm (D:4)
  3 giant cockroaches
  5 goblins
  4 hobgoblins
  6 jackals
  4 quokkas
  5 ball pythons
  7 bats
  2 frilled lizards (D:1)
  9 kobolds
  5 rats
254 creatures vanquished.

Vanquished Creatures (collateral kills)
  2 foxfires (D:6)
2 creatures vanquished.

Vanquished Creatures (others)
  A human (D:4)
  515 foxfires
516 creatures vanquished.

Grand Total: 772 creatures vanquished

Notes
Turn   | Place    | Note
-------+----------+-------------------------------------------
     0 | D:1      | Ekaitz the Deep Elf Fire Elementalist began the quest for
                  | the Orb.
     0 | D:1      | Reached XP level 1. HP: 10/10 MP: 6/6
   671 | D:1      | Reached XP level 2. HP: 7/15 MP: 5/8
   674 | D:1      | Learned a level 2 spell: Scorch
  1071 | D:2      | Reached XP level 3. HP: 20/20 MP: 8/10
  1185 | D:2      | Found a faded altar of an unknown god.
  1512 | D:2      | Reached XP level 4. HP: 24/24 MP: 11/11
  2220 | D:3      | Found a sacrificial altar of Ru.
  2271 | D:3      | Found an iron altar of Okawaru.
  2305 | D:3      | Noticed a +0 rapier
  2308 | D:3      | Found Ufojunn's Weapon Shop.
  2309 | D:3      | Noticed a +0 triple crossbow
  2394 | D:3      | Found a bloodstained altar of Trog.
  2407 | D:3      | Reached skill level 1 in Fighting
  2567 | D:3      | Learned a level 3 spell: Volatile Blastmotes
  2571 | D:3      | Learned a level 3 spell: Inner Flame
  3287 | D:4      | Reached XP level 5. HP: 29/29 MP: 7/12
  3349 | D:4      | Identified the +3 spear "Kixal" {speed, Str+3}
  3354 | D:4      | Identified the +1 pair of boots of Understanding {Rampage
                  | Regen+ Int+4 Stlth+}
  3459 | D:4      | Reached skill level 1 in Hexes
  3662 | D:4      | Found an ancient bone altar of Kikubaaqudgha.
  3664 | D:4      | Noticed a human
  3667 | D:4      | Killed a human
  3706 | D:4      | Found an opulent altar of Gozag.
  3706 | D:4      | Found a sparkling altar of Nemelex Xobeh.
  3911 | D:5      | Entered Level 5 of the Dungeon
  3972 | D:5      | Reached skill level 1 in Translocations
  3972 | D:5      | Reached XP level 6. HP: 34/34 MP: 9/14
  3977 | D:5      | Learned a level 4 spell: Flame Wave
  4153 | D:5      | Found a staircase to the Ecumenical Temple.
  4164 | Temple   | Entered the Ecumenical Temple
  4175 | Temple   | Upgraded the game from 0.31-a0-851-g7ff8af7976 to
                  | 0.31-a0-859-g9dce7d3444
  4181 | Temple   | Became a worshipper of Sif Muna the Loreminder
  4392 | D:5      | Found an ornate altar of the Wu Jian Council.
  4931 | D:6      | Found a stormy altar of Qazlal.
  4932 | D:6      | Noticed a steam dragon
  4943 | D:6      | Killed a steam dragon
  4944 | D:6      | Reached skill level 5 in Spellcasting
  4944 | D:6      | Reached skill level 5 in Fire Magic
  4944 | D:6      | Reached skill level 1 in Invocations
  4944 | D:6      | Reached XP level 7. HP: 34/39 MP: 3/16
  5055 | D:6      | Reached skill level 1 in Short Blades
  5177 | D:6      | Identified the +7 quarterstaff of Quick Resourcefulness
                  | {drain, +Blink Will+ Dex+3 Stlth+}
  5220 | D:6      | Noticed Prince Ribbit
  5267 | D:6      | Killed Prince Ribbit
  5640 | D:6      | Noticed a steam dragon
  5643 | D:6      | Killed a steam dragon
  5644 | D:6      | Reached XP level 8. HP: 44/44 MP: 15/18
  5647 | D:6      | Learned a level 2 spell: Sublimation of Blood
  5881 | D:7      | Reached skill level 1 in Necromancy
  5892 | D:7      | Reached * piety under Sif Muna
  6268 | D:7      | Noticed a two-headed ogre
  6269 | D:7      | Noticed Joseph
  6280 | D:7      | Killed a two-headed ogre
  6281 | D:7      | Reached skill level 5 in Dodging
  6281 | D:7      | Reached XP level 9. HP: 38/48 MP: 7/20
  6298 | D:7      | Killed Joseph
  6536 | D:7      | Noticed Menkaure
  6541 | D:7      | Killed Menkaure
  6596 | D:7      | Noticed Maggie
  6608 | D:7      | Killed Maggie
  7317 | D:8      | Found a runed translucent door.
  7319 | D:8      | Found a burning altar of Makhleb.
  7319 | D:8      | Noticed a sixfirhy
  7511 | D:9      | Reached skill level 5 in Hexes
  7635 | D:9      | Found a snail-covered altar of Cheibriados.
  7635 | D:9      | Found a faded altar of an unknown god.
  7642 | D:9      | Found a basalt altar of Yredelemnul.
  7644 | D:9      | Found a hide-covered altar of Uskayaw.
  7646 | D:9      | Found a white marble altar of Elyvilon.
  7687 | D:9      | Reached XP level 10. HP: 53/53 MP: 14/24
  7688 | D:9      | Noticed a two-headed ogre
  7701 | D:9      | Killed a two-headed ogre
  7855 | D:9      | Reached skill level 5 in Conjurations
  7892 | D:9      | Reached ** piety under Sif Muna
  8528 | D:10     | Entered Level 10 of the Dungeon
  9034 | D:10     | Reached *** piety under Sif Muna
  9441 | D:11     | Reached skill level 5 in Invocations
  9454 | D:11     | Found a staircase to the Lair.
  9461 | D:11     | Noticed a two-headed ogre
  9469 | D:11     | Killed a two-headed ogre
  9470 | D:11     | Reached XP level 11. HP: 56/57 MP: 13/26
  9596 | D:11     | Reached skill level 5 in Translocations
  9745 | D:11     | Reached skill level 10 in Spellcasting
  9763 | D:11     | Identified a scroll of acquirement
  9784 | D:11     | Noticed a two-headed ogre
  9790 | D:11     | Killed a two-headed ogre
  9813 | D:11     | Reached skill level 5 in Stealth
  9813 | D:11     | Reached skill level 5 in Necromancy
  9946 | D:11     | Reached **** piety under Sif Muna
  9949 | D:11     | Noticed a boulder beetle
  9968 | D:11     | Killed a boulder beetle
  9969 | D:11     | Reached skill level 10 in Fire Magic
 10148 | D:11     | Found Hodig's Vocational Training.
 10420 | D:12     | Noticed a two-headed ogre
 10427 | D:12     | Killed a two-headed ogre
 10431 | D:12     | Noticed Erolcha
 10440 | D:12     | Killed Erolcha
 10447 | D:12     | Learned a level 3 spell: Sigil of Binding
 10537 | D:12     | Noticed a boulder beetle
 10560 | D:12     | Killed a boulder beetle
 10653 | D:12     | Found a staircase to the Orcish Mines.
 10757 | D:12     | Noticed a catoblepas
 10799 | D:12     | Killed a catoblepas
 10933 | D:12     | Found Coituamn's Mayhem Merchandise.
 11182 | D:12     | Reached XP level 12. HP: 57/64 MP: 9/28
 11491 | D:12     | Identified the +1 great mace "Vetys" {protect, rF+ Str+4}
 11773 | D:13     | Noticed a centaur warrior
 11773 | D:13     | Noticed Lodul
 11773 | D:13     | Noticed an ogre mage
 11773 | D:13     | Noticed Urug
 11773 | D:13     | Noticed a seven-headed hydra
 11773 | D:13     | Found a gate to the Vaults.
 11776 | D:13     | Slain by a human

Illustrated notes

Levels and vault maps discovered:
D:1:      minmay_arrival_jagged, layout_basic, chequers_garden,
          nicolae_twisty_statue_hallways
D:2:      layout_loops_corners, shapermc_ecumenical_altar_mp_ritualfount,
          minmay_pentomino_pile
D:3:      layout_basic, old_standard_altar, lemuel_doored_altar,
          okawaru_ov_weapons_minmay, serial_shops, nicolae_shop_mannequins,
          corexii_leaking_fountain
D:4:      layout_cave_pools, grunt_temple_overflow_opulence, tgw_kikubaaqudgha
D:5:      layout_loops_ring, mainiacjoe_overflow_brackets,
          minmay_temple_entry_glassed_door
D:6:      wad_woods_tower, layout_basic, lemuel_tele_altar, uniq_prince_ribbit1
D:7:      layout_loops_ring, uniq_menkaure, uniq_joseph, uniq_maggie
D:8:      layout_cave_pools, nzn_makhleb_speed_demon
D:9:      layout_loops_cross, chequers_temple_overflow_minitemple
D:10:     layout_irregular_city
D:11:     layout_roguey [special_room_orc], lair_entry_dummy,
          nicolae_shop_vocational
D:12:     layout_roguey, david_orc_2, moated_statue, minmay_shop_mayhem,
          st_stairs_12, uniq_erolcha
D:13:     layout_loops_ring, david_vaults_3, lightli_wizard_tower, uniq_urug
Temple:   nicolae_temple_ecumenical_triangle

Skill      XL: |  1  2  3  4  5  6  7  8  9 10 11 12 |
---------------+-------------------------------------+-----
Dodging        | 3 4 5 6 7 8 |  8.1
Conjurations   | 2 3 4 5 6 |  6.9
Fire Magic     | 4 5 7 8 9 11 | 11.3
Stealth        | 3 4 5 |  5.2
Fighting       | 1 2 |  2.4
Spellcasting   | 4 5 6 8 9 10 11 | 11.0
Hexes          | 1 2 3 4 6 7 8 |  8.4
Translocations | 1 2 3 4 5 |  5.9
Invocations    | 1 2 3 4 5 6 |  6.1
Short Blades   | 1 |  1.7
Necromancy     | 2 3 4 5 6 |  6.7
Evocations     | |  0.7

Action                     |  1- 3 |  4- 6 |  7- 9 | 10-12 || total
---------------------------+-------+-------+-------+-------++-------
  Melee: Dagger            |    21 |    29 |    39 |   104 ||   193
         Punch             |       |     1 |       |     1 ||     2
   Cast: Foxfire           |    34 |    77 |    77 |   104 ||   292
         Scorch            |     4 |     9 |    23 |    85 ||   121
         Inner Flame       |       |     1 |     5 |    21 ||    27
         Flame Wave        |       |     1 |       |     5 ||     6
         Volatile Blastmot |       |       |    10 |    14 ||    24
         Sublimation of Bl |       |       |     5 |       ||     5
         Sigil of Binding  |       |       |       |     3 ||     3
 Invoke: Channel Magic     |       |       |       |     1 ||     1
  Evoke: Wand              |       |       |       |     9 ||     9
    Use: Scroll            |       |       |       |    15 ||    15
   Stab: Sleeping          |     9 |    11 |     4 |    15 ||    39
         Distracted        |       |       |       |     1 ||     1
 Armour: Robe              |     9 |    20 |       |       ||    29
         Steam dragon scal |       |       |    31 |   138 ||   169
         Troll leather arm |       |       |       |    20 ||    20
  Dodge: Dodged            |    10 |    30 |    63 |   187 ||   290

Table legend: (Time is in decaauts)
 A = Elapsed time spent in this place.
 B = Non-inter-level travel time spent in this place.
 C = Inter-level travel time spent in this place.
 D = Time resting spent in this place.
 E = Time spent auto-exploring this place.
 F = Levels seen in this place.
 G = Mean time per level.
                   A        B        C        D        E       F      G
               +--------+--------+--------+--------+--------+-----+--------+
         Total |  11765 |  11376 |    389 |    404 |   8841 |  14 |  840.4 |
       Dungeon |  11742 |  11353 |    389 |    404 |   8841 |  13 |  903.2 |
        Temple |     22 |     22 |      0 |      0 |      0 |   1 |   22.0 |
               +--------+--------+--------+--------+--------+-----+--------+

Top non-repeatable levels by time:
    D:12: 1421 daAuts
     D:2: 1246 daAuts
     D:7: 1069 daAuts
     D:9: 1041 daAuts
     D:3: 1020 daAuts
     D:6: 1011 daAuts
     D:1: 963 daAuts
    D:11: 941 daAuts
     D:5: 900 daAuts
    D:10: 881 daAuts
     D:4: 678 daAuts
     D:8: 565 daAuts
  Temple: 22 daAuts
    D:13: 2 daAuts
